 Dungeon Crawl Stone Soup version 0.18.1-48-g4cf74bf (webtiles) character file.

2698 Peloso the Blocker (level 9, -6/79 HPs)
             Began as a Minotaur Fighter on Aug 22, 2016.
             Was an Initiate of Okawaru.
             Mangled by an orc warrior
             ... wielding a +0 halberd
              (8 damage)
             ... in a bailey.
             The game lasted 00:26:42 (7178 turns).

Peloso the Blocker (Minotaur Fighter)               Turns: 7178, Time: 00:26:43

Health: -6/79      AC: 18    Str: 22    XL:     9   Next: 38%
Magic:  8/8        EV:  7    Int:  5    God:    Okawaru [......]
Gold:   493        SH: 11    Dex: 12    Spells: 0 memorised, 8 levels left

rFire  . . .     SeeInvis .     a - +0 long sword
rCold  . . .     Gourm    +     H - +0 plate armour
rNeg   . . .     Faith    .     c - +0 shield
rPois  .         Spirit   .     (helmet restricted)
rElec  .         Dismiss  .     x - +1 cloak
rCorr  .         Reflect  .     y - +1 pair of gloves
SustAt +         Harm     .     (no boots)
MR     .....                    G - amulet of the gourmand
Stlth  ..........               (no ring)
                                o - ring of sustain attributes

@: not resistant to hostile enchantments, extremely unstealthy
A: retaliatory headbutt, horns 2
a: Renounce Religion


You were in a bailey.
You worshipped Okawaru.
Okawaru was noncommittal.
You were very full.

You visited 2 branches of the dungeon, and saw 8 of its levels.
You also visited: Ossuary and Bailey.

You collected 493 gold pieces.

Inventory:

Hand Weapons
 a - a +0 long sword (weapon)
Armour
 c - a +0 shield (worn)
 x - a +1 cloak (worn)
 y - a +1 pair of gloves (worn)
 H - a +0 plate armour (worn)
Jewellery
 o - a ring of sustain attributes (left hand)
 G - an amulet of the gourmand (around neck)
Wands
 J - a wand of random effects (40/48)
Scrolls
 h - a scroll of noise {unknown}
 j - a scroll of amnesia {unknown}
 k - 2 scrolls of fog
 m - a scroll of recharging
 q - 2 scrolls of remove curse
 s - a scroll of magic mapping {unknown}
 w - a scroll of blinking {unknown}
 B - a scroll of acquirement {unknown}
Potions
 b - 4 potions of heal wounds {unknown}
 d - 3 potions of might
 e - 2 potions of magic
 l - a potion of agility {unknown}
 n - a potion of brilliance
 t - a potion of berserk rage
 u - 5 potions of curing
 v - 2 potions of flight
 C - 2 potions of ambrosia {unknown}
 D - a potion of beneficial mutation {unknown}
 E - a potion of degeneration {unknown}
 F - 3 potions of haste {unknown}
Books
 A - a book of Annihilations

   Spells                             Type                      Level
   a - Poison Arrow                   Conjuration/Poison           6
   b - Chain Lightning                Conjuration/Air              8
   c - Lehudib's Crystal Spear        Conjuration/Earth            8
   d - Glaciate                       Conjuration/Ice              9
   e - Fire Storm                     Conjuration/Fire             9
Comestibles
 f - 5 bread rations
 g - a beef jerky
 i - 4 meat rations
 r - a royal jelly
 z - 3 slices of pizza
 K - 3 fruits


   Skills:
 + Level 7.1 Fighting
 + Level 7.5 Long Blades
 + Level 8.3 Armour
 + Level 4.6 Dodging
 + Level 0.6 Stealth
 + Level 8.8 Shields


You had 8 spell levels left.
You didn't know any spells.

Dungeon Overview and Level Annotations

Branches:
Dungeon (7/15)             Temple (1/1) D:5

Altars:
Ashenzari
Cheibriados
Dithmenos
Elyvilon
Fedhas
Gozag
Kikubaaqudgha
Makhleb
Nemelex Xobeh
Okawaru
Pakellas
Qazlal
Ru
Sif Muna
Trog
Vehumet
Xom
Yredelemnul
Zin
The Shining One

Shops:
D:6 [[%*


Innate Abilities, Weirdness & Mutations

You reflexively headbutt those who attack you in melee.
You have a pair of horns on your head.


Message History

The orc warrior is almost dead.
You block the orc warrior's attack.
You closely miss the orc warrior.
You headbutt the orc warrior, but do no damage.
The orc warrior is almost dead.
You block the orc warrior's attack.
You hit the orc warrior.
The orc warrior is almost dead.
The orc warrior hits you but does no damage.
You hit the orc warrior but do no damage.
The orc warrior is almost dead.
The orc warrior barely misses you.
You closely miss the orc warrior.
The orc warrior is almost dead.
The orc warrior hits you with a halberd!
* * * LOW HITPOINT WARNING * * *
You completely miss the orc warrior.
The orc warrior is almost dead.
The orc warrior hits you with a halberd!
You die...

#∩...))∩#
#...))))#
#....)).#
#.......#
#.......#
#.......#
#.......#
#.......#
#..@....#
##.o...##
###)###
#...#
#.!.#
#...#
#.).#
###)###
##.))..##


You could see an orc warrior.

Vanquished Creatures
  Grinder (D:2)
  The ghost of GFox the Cudgeler, an amateur OgGl (D:4)
  A wraith (Ossuary)
  5 orc warriors
  A sky beast (D:6)
  Purgy (D:3)
  A phantom (D:6)
  An ogre (D:5)
  A centaur (D:6)
  2 giant frogs
  A scorpion (D:5)
  2 howler monkeys
  2 crimson imps
  A hound (D:5)
  6 orc priests
  Crazy Yiuf (D:3)
  A centaur zombie (D:7)
  A centaur skeleton (D:4)
  Ijyb (D:2)
  A worker ant (D:4)
  Natasha (thrice) (D:2)
  3 orc wizards
  A hound skeleton (D:4)
  2 mummies
  Robin (D:3)
  9 gnolls
  9 adders
  3 oozes
  An adder zombie (D:5)
  An adder skeleton (D:6)
  3 worms
  2 dart slugs (D:1)
  7 giant geckos
  52 orcs
  7 giant cockroaches
  13 goblins
  12 hobgoblins
  5 jackals
  7 kobolds
  2 quokkas
  5 ball pythons
  6 bats
  3 giant newts
  4 gnoll skeletons (Ossuary)
  A goblin zombie (D:5)
  A hobgoblin zombie (D:5)
  8 kobold skeletons (Ossuary)
  13 orc skeletons (Ossuary)
  2 quokka zombies
  5 rats
223 creatures vanquished.

Notes
Turn   | Place    | Note
--------------------------------------------------------------
     0 | D:1      | Peloso the Minotaur Fighter began the quest for the Orb.
     0 | D:1      | Reached XP level 1. HP: 19/19 MP: 0/0
    34 | D:1      | Reached XP level 2. HP: 25/27 MP: 1/1
   485 | D:1      | Reached XP level 3. HP: 33/33 MP: 2/2
   719 | D:2      | Noticed Natasha
   732 | D:2      | Killed Natasha
   732 | D:2      | Reached XP level 4. HP: 6/40 MP: 3/3
  1461 | D:2      | Noticed Natasha
  1462 | D:2      | Noticed Ijyb
  1475 | D:2      | Killed Natasha
  1475 | D:2      | Reached skill level 1 in Dodging
  1546 | D:2      | Paralysed by Ijyb for 6 turns
  1555 | D:2      | Killed Ijyb
  1873 | D:3      | Noticed Grinder
  1874 | D:3      | Reached XP level 5. HP: 46/46 MP: 4/4
  1985 | D:2      | Paralysed by Grinder for 2 turns
  1987 | D:2      | Killed Grinder
  1987 | D:2      | Reached skill level 5 in Armour
  1987 | D:2      | Reached skill level 5 in Shields
  1987 | D:2      | Reached XP level 6. HP: 11/53 MP: 5/5
  2143 | D:2      | Noticed Natasha
  2150 | D:2      | Killed Natasha
  2263 | D:3      | Noticed Robin
  2365 | D:3      | Killed Robin
  2896 | D:3      | Reached XP level 7. HP: 58/60 MP: 6/6
  2931 | D:3      | Noticed Crazy Yiuf
  2937 | D:3      | Killed Crazy Yiuf
  2970 | D:3      | Noticed Purgy
  2978 | D:3      | Killed Purgy
  2978 | D:3      | Reached skill level 5 in Fighting
  3031 | D:4      | Noticed GFox's ghost (amateur OgGl)
  3248 | D:4      | Reached skill level 5 in Long Blades
  3263 | D:4      | Killed GFox's ghost
  3578 | D:4      | Reached XP level 8. HP: 53/69 MP: 7/7
  3690 | D:4      | Found a burning altar of Makhleb.
  3691 | D:4      | Found a shimmering altar of Xom.
  3739 | D:5      | Entered Level 5 of the Dungeon
  3820 | D:5      | Found a sand-covered staircase.
  3829 | Ossuary  | Entered an ossuary
  4722 | D:5      | Found a staircase to the Ecumenical Temple.
  4777 | Temple   | Entered the Ecumenical Temple
  5245 | D:5      | Found an ancient bone altar of Kikubaaqudgha.
  5247 | D:5      | Found a sacrificial altar of Ru.
  5367 | D:6      | Found Akyo's Armour Emporium.
  5729 | D:6      | Found Wuelul's Armour Shop.
  5930 | D:6      | Found a shadowy altar of Dithmenos.
  5965 | D:6      | Found Dyeror's General Store.
  6032 | D:6      | Found Barei's Food Shoppe.
  6198 | D:6      | Reached XP level 9. HP: 78/78 MP: 8/8
  6281 | D:7      | Found a stormy altar of Qazlal.
  6281 | D:7      | Found a sparkling altar of Nemelex Xobeh.
  6281 | D:7      | Found an iron altar of Okawaru.
  6367 | D:7      | Found a deep blue altar of Sif Muna.
  6375 | D:7      | Became a worshipper of Warmaster Okawaru
  6547 | D:7      | Found a flagged portal.
  6556 | Bailey   | Entered a bailey
  7159 | Bailey   | HP: 1/79 [orc warrior/halberd (10)]
  7177 | Bailey   | HP: 2/79 [orc warrior/halberd (13)]
  7178 | Bailey   | Mangled by an orc warrior

Skill      XL: |  1  2  3  4  5  6  7  8  9 |
---------------+----------------------------+-----
Armour         | 4 5 6 7 8 |  8.3
Shields        | 4 5 6 8 |  8.8
Fighting       | 4 5 6 7 |  7.1
Long Blades    | 3 4 5 7 |  7.5
Dodging        | 1 2 3 4 |  4.6
Stealth        | |  0.6

Action                   |  1- 3 |  4- 6 |  7- 9 || total
-------------------------+-------+-------+-------++-------
Melee: Long sword        |    62 |   167 |   478 ||   707
       Headbutt          |    10 |    32 |   101 ||   143
  Use: Scroll            |       |       |    15 ||    15
       Potion            |       |       |     6 ||     6
  Eat: Chunk             |       |     7 |    22 ||    29
       Beef jerky        |       |       |     1 ||     1
Armor: Scale mail        |    24 |     2 |       ||    26
       Chain mail        |       |    77 |   195 ||   272
       Plate armour      |       |       |    23 ||    23
Dodge: Dodged            |    12 |    43 |   183 ||   238
Block: Shield            |    25 |   109 |   341 ||   475
